AoeStats
← BigOleGiraffe

Arena

510253655Analyzed
2v2 RM · 3d ago on Sep 30, 2026· 33m 29s· 4 players
Game mode
Random Map
Map size
Medium (4 player)
Population
200
Speed
Normal
Resources
Standard
Victory
Conquest
Starting age
Dark Age
Ending age
Imperial Age
RankedLock teamsTeams togetherTeam positionsShared explorationLock speedFull tech treeHidden civsTurbo modeCheats
Victory
Defeat
1049
+15
🇺🇸 Wei · United States
1043
+16
🇨🇦 Varangians · Canada
1066
-17
🇨🇦 Danes · Canada
1004
-14
BigOleGiraffe
10:10 Feudal Age
14:36 Castle Age
12:50 Double-Bit Axe
13:48 Horse Collar
14:04 Gold Mining
15:38 Fletching
18:41 Padded Archer Armor
23:42 Loom
24:57 Ballistics
27:13 Bodkin Arrow
29:44 Wheelbarrow
28:54 Town Watch
30:36 Forging
30:26 Scale Mail Armor
31:04 Bow Saw
31:12 Leather Archer Armor
vince.dion123
10:56 Feudal Age
14:36 Castle Age
12:27 Double-Bit Axe
13:12 Loom
13:38 Horse Collar
24:06 Scale Mail Armor
33:01 Imperial Age
31:18 Squires
31:38 Chain Mail Armor
32:13 Forging
hwooqpwooer
9:53 Feudal Age
10:19 Double-Bit Axe
10:17 Horse Collar
10:33 Gold Mining
11:02 Stone Mining
12:01 Wheelbarrow
16:34 Castle Age
17:29 Bow Saw
17:21 Heavy Plow
18:00 Loom
19:05 Scale Barding Armor
20:06 Forging
25:18 Imperial Age
24:17 Iron Casting
23:53 Pikeman
24:48 Bloodlines
26:43 Chain Barding Armor
27:25 Husbandry
30:38 Blast Furnace
31:47 Ming Guang Armor
alexisvaldezgervacio8
11:36 Feudal Age
11:31 Loom
15:13 Castle Age
13:31 Stone Mining
13:45 Double-Bit Axe
14:10 Horse Collar
16:10 Wheelbarrow
27:56 Imperial Age
25:51 Fletching
26:02 Padded Archer Armor
26:14 Forging
26:59 Bow Saw
29:07 Conscription
28:45 Bodkin Arrow
29:02 Bloodlines
28:52 Husbandry
28:58 Gold Mining
31:10 Bracer
32:00 Ballistics
31:34 Light Cavalry
32:21 Hussar
Connection lost

Rejoining the realm…

Still unreachable

The connection could not be restored.

Session expired

The server has moved on; the page needs a fresh start.